Map: Blackpink LE

Players

JonSnow

  • Race: Zerg Zerg
  • Spawn Location: 1:00

Namshar - Winner!

  • Race: Zerg Zerg
  • Spawn Location: 7:00

Event: WCS Leipzig 2018

VOD

Have the link to the VOD?

Description

Time

  • Played on: Jan. 26, 2018, 9:28 a.m.
  • Length: 9:27

All games in this series

Show
View Real Time Build Order
Export as new Build Order

JonSnow Zerg 

Build Orders: Hatch First, Zergling Baneling 

Get SALT Encoding   

  12  0:01  Drone  
  13  0:13  Overlord  
  13  0:18  Drone  
  14  0:31  Drone x2  
  16  0:36  Drone  
  17  0:51  Hatchery  
  17  0:54  Drone  
  17  1:01  Drone  
  18  1:09  Extractor  
  17  1:14  Spawning Pool  
  17  1:15  Drone  
  17  1:18  Drone  
  18  1:29  Drone  
  19  1:40  Overlord  
  19  1:52  Drone  
  20  2:01  Drone  
  20  2:02  Queen  
  20  2:03  Zergling x2, Queen  
  26  2:11  Metabolic Boost  
  26  2:13  Drone  
  26  2:14  Drone  
  28  2:30  Hatchery  
  28  2:32  Drone  
  28  2:35  Drone  
  29  2:38  Zergling x2  
  29  2:40  Zergling x2  
  31  2:47  Baneling Nest  
  30  2:56  Drone x3  
  33  3:02  Drone  
  33  3:05  Overlord  
  33  3:15  Drone, Overlord  
  33  3:16  Drone  
  35  3:23  Queen  
  37  3:28  Zergling x10  
  42  3:34  Baneling  
  42  3:35  Baneling  
  42  3:41  Zergling x4  
  44  3:49  Baneling  
  44  3:50  Baneling  
  44  3:53  Drone x4  
  46  3:58  Overlord x2  
  46  4:03  Overlord  
  46  4:14  Zergling x16  
  53  4:20  Zergling x4  
  55  4:29  Baneling x2  
  55  4:31  Zergling x6  
  55  4:48  Zergling x16  
  55  4:49  Baneling x2  
  58  4:55  Zergling x2  
  58  4:56  Zergling x2  
  56  5:02  Zergling x4  
  57  5:07  Baneling x3  
  57  5:12  Overlord  
  56  5:15  Zergling x2  
  56  5:16  Extractor x2, Zergling x10  
  56  5:17  Roach Warren  
  53  5:29  Zergling x2  
  53  5:30  Zergling x6  
  53  5:33  Drone  
  54  5:49  Drone  
  51  5:50  Baneling x2  
  51  5:56  Drone x2  
  51  5:57  Drone  
  52  5:58  Drone  
  52  6:03  Drone x4  
  52  6:04  Overlord  
  50  6:19  Roach  
  50  6:20  Roach x7, Zergling x2  
  50  6:21  Zergling x4  
  69  6:26  Roach  
  69  6:30  Baneling x2  
  69  6:31  Roach, Zergling x2  
  74  6:35  Roach  
  74  6:36  Zergling x4  
  78  6:44  Roach x3  
  78  6:45  Zergling x2  
  80  6:50  Roach  
  80  6:51  Roach  
  79  6:54  Drone  
  79  6:55  Drone  
  79  6:57  Drone  
  79  6:59  Drone  
  83  7:04  Drone x2  
  83  7:06  Drone  
  83  7:07  Drone  
  87  7:11  Overlord  
  87  7:24  Overlord x3  
  87  7:29  Baneling x2  
  87  7:32  Roach  
  87  7:33  Roach  
  91  7:42  Roach  
  91  7:43  Roach x3  
  99  7:49  Roach x3  
  105  7:55  Baneling x2  
  105  7:57  Roach x3  
  110  8:01  Roach  
  110  8:02  Roach  
  110  8:04  Overlord  
  114  8:08  Roach  
  114  8:09  Roach  
  114  8:11  Zergling x2  
  119  8:15  Roach x2  
  119  8:18  Overlord  
  122  8:29  Overlord  
  122  8:32  Zergling x12  
  128  8:36  Baneling x4  
  128  8:37  Zergling x4  
  130  8:45  Ravager x3  
  130  8:47  Overlord x2  
  133  8:49  Ravager  
  132  8:58  Zergling x2  
  132  8:59  Zergling x10  
Show
View Real Time Build Order
Export as new Build Order

Namshar Zerg - Winner!

Build Orders: Hatch First, Zergling Baneling 

Get SALT Encoding   

  12  0:00  Drone  
  13  0:12  Overlord  
  13  0:17  Drone  
  14  0:30  Drone x2  
  14  0:33  Drone  
  17  0:50  Hatchery  
  17  0:53  Drone  
  17  0:56  Drone  
  18  1:01  Extractor  
  17  1:11  Spawning Pool  
  17  1:14  Drone  
  17  1:17  Drone  
  18  1:27  Drone  
  19  1:38  Overlord  
  19  1:48  Drone  
  20  1:57  Queen  
  20  2:00  Zergling x2  
  23  2:02  Metabolic Boost, Queen  
  23  2:05  Zergling x2  
  26  2:10  Drone  
  26  2:13  Drone  
  28  2:22  Drone  
  29  2:25  Zergling x2  
  30  2:33  Hatchery  
  30  2:35  Drone  
  30  2:42  Baneling Nest  
  29  2:45  Drone  
  29  2:48  Overlord  
  30  2:53  Drone  
  30  2:54  Drone  
  30  2:57  Drone  
  33  3:07  Zergling x8  
  33  3:12  Zergling x2  
  37  3:13  Zergling x2  
  37  3:14  Zergling x2  
  37  3:18  Overlord  
  39  3:22  Overlord  
  38  3:35  Baneling x2  
  38  3:41  Queen  
  38  3:46  Drone  
  38  3:47  Drone x5  
  46  3:52  Drone x3  
  49  3:55  Drone  
  49  3:56  Drone  
  51  4:03  Baneling  
  51  4:04  Baneling, Overlord, Drone  
  52  4:11  Drone  
  52  4:12  Drone  
  51  4:19  Extractor  
  51  4:20  Evolution Chamber  
  51  4:21  Zergling x2, Roach Warren  
  51  4:22  Zergling x4  
  51  4:24  Baneling x2  
  51  4:29  Zergling x6  
  53  4:31  Baneling x2  
  53  4:38  Drone x4  
  55  4:48  Baneling x2  
  55  4:50  Zergling x10  
  55  4:51  Zergling x4  
  59  4:58  Queen  
  60  5:00  Overlord  
  60  5:03  Drone  
  60  5:07  Drone x3  
  60  5:08  Drone x2  
  60  5:12  Drone x2  
  65  5:15  Overlord  
  65  5:17  Extractor  
  58  5:30  Baneling x3  
  58  5:31  Drone  
  58  5:32  Drone  
  58  5:34  Zergling x12  
  58  5:35  Baneling  
  65  5:37  Queen  
  65  5:42  Zergling x6  
  66  5:52  Baneling  
  66  5:53  Baneling  
  66  5:55  Zergling x16  
  72  6:02  Baneling  
  72  6:03  Baneling x2  
  71  6:12  Roach x2  
  71  6:13  Roach x3  
  75  6:20  Roach x2  
  75  6:21  Overlord x3  
  79  6:28  Drone x2  
  79  6:32  Extractor  
  80  6:37  Zerg Missile Weapons Level 1  
  80  6:45  Drone x3  
  78  6:50  Roach x5  
  78  6:53  Drone x2  
  87  6:59  Drone  
  87  7:01  Overlord x2  
  88  7:05  Overlord x2  
  88  7:06  Lair  
  88  7:07  Drone  
  89  7:09  Drone x2  
  89  7:11  Overlord x2  
  91  7:17  Roach x4  
  91  7:22  Drone x2  
  99  7:26  Overlord  
  99  7:28  Drone  
  100  7:30  Evolution Chamber  
  100  7:35  Drone x3  
  100  7:36  Drone  
  103  7:41  Drone x4, Hatchery  
  103  7:43  Drone  
  103  7:44  Drone  
  108  7:46  Ravager  
  108  7:47  Ravager x3  
  112  7:52  Overlord  
  112  7:57  Extractor  
  112  7:58  Extractor  
  110  8:03  Roach x5  
  120  8:07  Roach x2  
  124  8:13  Roach x2  
  128  8:21  Drone  
  128  8:24  Overlord, Overseer  
  129  8:41  Roach  
  129  8:42  Roach x4  
  129  8:46  Roach x3  
  145  8:56  Roach  
  145  8:57  Roach x5  
  145  9:01  Roach  
  145  9:02  Roach x3  
Tags
 
Add a new tag
Caveats
  • Supply blocks, unpowered buildings, or Contaminate may cause inaccurate times.
  • Supply counts are checked every 10 seconds.